[ AOE2 MATCH · #484102437 ]
1v1 RMSpanish vs Burgundians
Player's team · LOSS
[ REPLAY ANALYSIS · EXTRACTED FROM THE RECORDED GAME ]
Feudal
—
Castle
—
Imperial
—
| APM avg | 28.6 |
| APM peak | 79 |
| eAPM avg | 8.3 |
| Villagers / military | 24 / 0 |
Focus
⚔️ 8.3% · 🌾 91.7%
Feudal
9:20
Castle
—
Imperial
—
| APM avg | 22.1 |
| APM peak | 39 |
| eAPM avg | 12.3 |
| Villagers / military | 24 / 3 |
Focus
⚔️ 14.2% · 🌾 85.8%
Flemish Militia ×2 · Militia ×1
Match map
Initial resources + every placement click. Lines = walls · curves = elevation contours. ◆ gold · ⬟ stone · ● berries · ✦ relic · ◌ wall gap
Your base
Ares's base
Smoothed initial terrain · ◌ = detected wall gap · hover for details
Inputs per minute
— TheDoors - - Ares
Build order — TheDoors
32 actions detected in the replay
| 0:03 | Create | Villager (Male) |
| 0:03 | Create | Villager (Male) |
| 0:03 | Create | Villager (Male) |
| 0:04 | Create | Villager (Male) |
| 0:04 | Create | Villager (Male) |
| 0:05 | Build | House |
| 0:06 | Build | House |
| 1:35 | Create | Villager (Male) |
| 2:05 | Create | Villager (Male) |
| 2:09 | Create | Villager (Male) |
| 2:41 | Build | Lumber Camp |
| 2:52 | Create | Villager (Male) |
| 2:52 | Create | Villager (Male) |
| 2:53 | Create | Villager (Male) |
| 2:53 | Create | Villager (Male) |
| 2:53 | Create | Villager (Male) |
| 3:36 | Create | Villager (Male) |
| 3:53 | Build | House |
| 4:27 | Create | Villager (Male) |
| 4:43 | Build | Mill |
| 4:49 | Create | Villager (Male) |
| 5:12 | Create | Villager (Male) |
| 5:54 | Create | Villager (Male) |
| 5:59 | Build | House |
| 6:08 | Create | Villager (Male) |
| 6:51 | Create | Villager (Male) |
| 6:52 | Create | Villager (Male) |
| 7:17 | Create | Villager (Male) |
| 8:07 | Create | Villager (Male) |
| 8:32 | Create | Villager (Male) |
| 9:14 | Research | Feudal Age |
| 9:15 | Research | Loom |
Build order — Ares
47 actions detected in the replay
| 0:01 | Create | Villager (Male) |
| 0:01 | Create | Villager (Male) |
| 0:01 | Create | Villager (Male) |
| 0:03 | Build | House |
| 0:04 | Build | House |
| 0:23 | Create | Villager (Male) |
| 0:24 | Create | Villager (Male) |
| 0:40 | Research | Loom |
| 1:26 | Create | Villager (Male) |
| 2:08 | Create | Villager (Male) |
| 2:39 | Build | Lumber Camp |
| 2:42 | Create | Villager (Male) |
| 2:42 | Create | Villager (Male) |
| 3:17 | Create | Villager (Male) |
| 3:17 | Create | Villager (Male) |
| 3:38 | Build | House |
| 3:39 | Build | House |
| 3:45 | Create | Villager (Male) |
| 4:40 | Create | Villager (Male) |
| 4:52 | Create | Villager (Male) |
| 5:10 | Create | Villager (Male) |
| 5:48 | Create | Villager (Male) |
| 5:49 | Create | Villager (Male) |
| 5:49 | Create | Villager (Male) |
| 6:33 | Build | Mill |
| 7:09 | Research | Feudal Age |
| 7:57 | Build | House |
| 8:01 | Build | Palisade Wall |
| 8:20 | Build | Mining Camp |
| 8:26 | Build | House |
| 8:28 | Build | Palisade Wall |
| 9:03 | Create | Villager (Male) |
| 9:03 | Create | Villager (Male) |
| 9:10 | Research | Wheelbarrow |
| 9:11 | Create | Villager (Male) |
| 9:15 | Research | Double-Bit Axe |
| 9:20 | Age | Feudal Age |
| 9:52 | Build | Barracks |
| 10:25 | Create | Villager (Male) |
| 10:31 | Build | Farm |
| 10:38 | Create | Villager (Male) |
| 10:40 | Build | Farm |
| 10:41 | Create | Militia |
| 10:43 | Create | Flemish Militia |
| 10:43 | Create | Flemish Militia |
| 10:50 | Create | Villager (Male) |
| 10:59 | Build | Blacksmith |
Match timeline
| 8:01 | Ares · wall_segment Palisade Wall x1 |
| 8:28 | Ares · wall_segment Palisade Wall x1 |
| 9:20 | Ares · age_up feudal |
| 9:52 | Ares · first_building Barracks |
| 11:03 | TheDoors · resign |
[ AI ANALYSIS · 1 CREDIT ]
What really happened in this match?
Wolo.gg analyzes every decision: build order, eco, micro, common mistakes by bracket. Personalized analysis on WhatsApp or Discord in 30 seconds.
Civ guide
Spanish
Map guide
Arabia
Perfil
Jugador #23449332